 Dungeon Crawl Stone Soup version 0.29.1-4-g47bece8355 (webtiles) character file.

Game seed: 7039168702698315998

47 Peloso the Covered (level 3, -3/33 HPs)
             Began as a Minotaur Fighter on Dec 10, 2022.
             Slain by a gnoll
             ... wielding a +0 flail
              (5 damage)
             ... on level 1 of the Dungeon.
             The game lasted 00:02:14 (1343 turns).

Peloso the Covered (Minotaur Fighter)               Turns: 1343, Time: 00:02:14

Health: -3/33      AC: 12    Str: 20    XL:     3   Next: 48%
Magic:  2/2        EV:  9    Int:  5    God:
Gold:   65         SH:  4    Dex: 11    Spells: 2/2 levels left

rFire   . . .      SeeInvis .   a - +0 long sword
rCold   . . .      Faith    .   c - +0 buckler
rNeg    . . .      Spirit   .   b - +0 scale mail
rPois   .          Reflect  .   (helmet restricted)
rElec   .          Harm     .   (no cloak)
rCorr   .          Rampage  .   f - +0 pair of gloves
Will    .....                   (no boots)
Stlth   ..........              (no amulet)
HPRegen 0.11/turn               j - +4 ring of protection
MPRegen 0.08/turn               (no ring)

@: no status effects
A: horns 2, retaliatory headbutt
a: no special abilities


You were on level 1 of the Dungeon.
You visited 1 branch of the dungeon, and saw 2 of its levels.

You collected 65 gold pieces.

Inventory:

Hand Weapons
 a - a +0 long sword (weapon)
Armour
 b - a +0 scale mail (worn)
 c - a +0 buckler (worn)
 f - a +0 pair of gloves (worn)
Jewellery
 j - a +4 ring of protection (left hand)
Scrolls
 e - 3 scrolls of identify {unknown}
 g - a scroll of teleportation {unknown}
 i - a scroll of vulnerability {unknown}
Potions
 d - a potion of might
 h - a potion of cancellation {unknown}


   Skills:
 + Level 4.1 Fighting
 + Level 3.3 Long Blades
 + Level 4.2 Armour
 + Level 0.2 Dodging
 + Level 4.0 Shields


You had 2 spell levels left.
You didn't know any spells.
Your spell library contained the following spells:

 Spells                   Type           Power      Damage    Failure   Level
 Sandblast                Erth           0%         2d4       88%         1
 Passwall                 Tmut/Erth      0%         N/A       96%         2
 Animate Armour           Summ/Erth      0%         N/A       100%        4


Dungeon Overview and Level Annotations

Branches:
Dungeon (2/15)

Altars:


Innate Abilities, Weirdness & Mutations

You have a pair of horns on your head.
You reflexively headbutt those who attack you in melee.


Message History

You see here a +0 spear.
The gnoll attacks as you move away! The gnoll barely misses you.
The gnoll hits you with a +0 flail. The gnoll attacks as you move away!
The gnoll hits you but does no damage. The gnoll attacks as you move away!
The gnoll closely misses you. The gnoll attacks as you move away!
You block the gnoll's attack. The gnoll hits you with a +0 flail.
The gnoll misses you. You block the gnoll's attack.
The gnoll attacks as you move away! The gnoll hits you with a +0 flail.
The gnoll attacks as you move away! The gnoll hits you with a +0 flail.
The gnoll throws a stone.
The stone hits you but does no damage. The gnoll attacks as you move away!
The gnoll hits you but does no damage. x2
The gnoll attacks as you move away! The gnoll hits you but does no damage.
The gnoll attacks as you move away! The gnoll barely misses you.
The gnoll attacks as you move away! The gnoll closely misses you.
The gnoll attacks as you move away! The gnoll hits you with a +0 flail!
The gnoll attacks as you move away! The gnoll misses you.
The gnoll attacks as you move away! The gnoll barely misses you.
The gnoll throws a stone.
You block the stone. The gnoll attacks as you move away!
The gnoll hits you with a +0 flail. The gnoll attacks as you move away!
The gnoll hits you with a +0 flail.
* * * LOW HITPOINT WARNING * * *
The gnoll attacks as you move away! The gnoll barely misses you.
The gnoll throws a stone.
The stone barely misses you. The gnoll attacks as you move away!
The gnoll hits you with a +0 flail!
* * * LOW HITPOINT WARNING * * *
The gnoll throws a stone.
The stone hits you but does no damage.
Okay, then.
The gnoll attacks as you move away! The gnoll hits you but does no damage.
There is a stone staircase leading up here.
The gnoll hits you but does no damage.
You climb upwards.
There is a stone staircase leading down here.
The gnoll attacks as you move away! The gnoll hits you with a +0 flail.
* * * LOW HITPOINT WARNING * * *
You see here 4 stones.
The gnoll attacks as you move away! The gnoll hits you but does no damage.
The gnoll attacks as you move away! The gnoll barely misses you.
The gnoll attacks as you move away! The gnoll hits you with a +0 flail.
You die...

###.#...###.##.## #..#
#...........##.######..###
#.#.##....#............#.##
..........#.##.##.........#
#####
..####.#..#.##.##.###..#.##
#.... ..........#.##.##.#
#.)#.# #.###
#.####.#.##.##.##.# #..#.#
#.#
#.................###..#.#
#.#
#.####.>....(..g@......#.#
#.### #.#
###.##.##########...# #....
#.# #.##.# #..## ####. #.#
#.##.##########..### #.
#.## #.##...............#
#. #..#
#....####.########.######.
.#.#
######...[.............#..
.#.# #.#######'#######.#..
.#.########
#.#.............#.##.


You could see a gnoll.

Vanquished Creatures
  A gnoll (D:2)
  A worm (D:2)
  5 endoplasms (D:1)
  3 goblins
  3 hobgoblins (D:1)
  3 kobolds
  5 quokkas
  A ball python (D:1)
  4 bats
  3 frilled lizards (D:1)
  6 rats (D:1)
35 creatures vanquished.

Notes
Turn   | Place    | Note
-------+----------+-------------------------------------------
     0 | D:1      | Peloso the Minotaur Fighter began the quest for the Orb.
     0 | D:1      | Reached XP level 1. HP: 19/19 MP: 0/0
   160 | D:1      | Reached XP level 2. HP: 22/27 MP: 1/1
   700 | D:1      | Got the Lectures on Geology
   713 | D:1      | Reached XP level 3. HP: 33/33 MP: 2/2
  1327 | D:2      | HP: 1/33 [gnoll/+0 flail (7)]
  1338 | D:1      | HP: 1/33 [gnoll/+0 flail (1)]
  1343 | D:1      | Slain by a gnoll

Illustrated notes

Levels and vault maps discovered:
D:1:      matt_arrival_refuge, layout_loops_ring, minivault_11
D:2:      layout_rooms

Skill      XL: |  1  2  3 |
---------------+----------+-----
Shields        | 4 |  4.0
Armour         | 4 |  4.2
Fighting       | 4 |  4.1
Long Blades    | 3 |  3.3
Dodging        | |  0.2

Action                   || total
-------------------------++-------
Melee: Long sword        ||    65
       Headbutt          ||    14
  Use: Potion            ||     2
Armor: Scale mail        ||    52
Dodge: Dodged            ||    50
Block: Buckler           ||    15
